 Dungeon Crawl Stone Soup version 0.28-a0-834-g1a73be5ee4 (webtiles) character file.

Game seed: 16966771809719257170

144 vurker the Gusty (level 5, 22/22 HPs)
             Began as a Felid Air Elementalist on Nov 11, 2021.
             Quit the game on level 2 of the Dungeon.
             The game lasted 00:03:42 (3480 turns).

vurker the Gusty (Felid Air Elementalist)           Turns: 3480, Time: 00:03:42

Health: 22/22      AC:  1    Str:  4    XL:     5   Next: 5%
Magic:  11/11      EV: 17    Int: 18    God:
Gold:   92         SH:  0    Dex: 16    Spells: 9/10 levels left
                                        Lives:  0   Deaths: 1

rFire   . . .      SeeInvis +   (weapon unavailable)
rCold   . . .      Faith    .   (shield unavailable)
rNeg    . . .      Spirit   .   (armour unavailable)
rPois   .          Reflect  .   (helmet unavailable)
rElec   .          Harm     .   (cloak unavailable)
rCorr   .          Rampage  .   (gloves unavailable)
Will    .....                   (boots unavailable)
Stlth   ++........              (no amulet)
HPRegen 0.07/turn               (no ring)
MPRegen 0.12/turn               (no ring)

@: about to teleport, studying Dodging, quick
A: very small, claws 1, fangs 3, see invisible, speed 1, shaggy fur 1, stealthy
paws, no weapons or thrown items, no armour, multi-lived
a: no special abilities


You were on level 2 of the Dungeon.
You visited 1 branch of the dungeon, and saw 3 of its levels.

You collected 92 gold pieces.

Inventory:

Scrolls
 a - 5 scrolls of identify {unknown}
 d - 2 scrolls of teleportation
Potions
 b - a potion of resistance {unknown}
 c - 2 potions of curing {unknown}
 f - a potion of flight {unknown}
 h - 2 potions of attraction {unknown}
 i - a potion of might {unknown}
 l - a potion of berserk rage {unknown}


   Skills:
 + Level 1.9 Fighting
 - Level 2.6 Dodging
 - Level 2.6 Stealth
 * Level 3.4 Spellcasting
 + Level 2.0 Conjurations
 * Level 4.0 Air Magic


You had 9 spell levels left.
You knew the following spells:

 Your Spells              Type           Power      Damage    Failure   Level
a - Shock                 Conj/Air       56%        1d6       4%          1

Your spell library contained the following spells:

 Spells                   Type           Power      Damage    Failure   Level
 Static Discharge         Conj/Air       14%        N/A       7%          2
 Swiftness                Air            17%        N/A       9%          3
 Airstrike                Air            8%         N/A       30%         4


Dungeon Overview and Level Annotations

Branches:
Dungeon (3/15)

Altars:

Shops:
D:1 *   D:2 =


Innate Abilities, Weirdness & Mutations

You have sharp claws.
You have razor-sharp teeth.
You have supernaturally acute eyesight. (SInv)
You cover ground quickly. (Speed+)
You are covered in fur. (AC +1)
Your paws help you pounce on unaware monsters.
You are incapable of wielding weapons or throwing items.
You cannot wear armour.
You gain extra lives every three experience levels.


Message History

The zap hits the adder.
Aim: an adder (heavily wounded, 48% to hit)
The zap hits the adder.
The adder closely misses you. The adder barely misses you.
Aim: an adder (severely wounded, 48% to hit)
You miscast Shock.
You are very lightly contaminated with residual magic.
Nothing appears to happen.
The adder bites you.
You are poisoned.
The adder poisons you!
Aim: an adder (severely wounded, 48% to hit)
The zap hits the adder.
You kill the adder!
You feel sick.
Your Air Magic skill increases to level 4!
You have reached level 5!
You feel clever.
You feel sick.
You feel sick.
You feel sick.
You feel sick.
You are no longer poisoned.
Your magical contamination has completely faded away.
A worm comes into view.
You see here a +0 club.
There is a stone staircase leading down here.
There is a stone staircase leading up here.
You start resting.
As you read the scroll labelled BOUHEGROA, it crumbles to dust.
You hear a loud clanging noise!
It was a scroll of noise.
As you read the scroll labelled FISERINKYWN, it crumbles to dust.
It is a scroll of enchant armour.
You aren't carrying any armour which can be enchanted further.
As you read the scroll labelled PASUIPT ZUIPIS, it crumbles to dust.
Wisps of shadow whirl around you...
It was a scroll of summoning.
Okay, then.
Unknown command.
Unknown command.
Unknown command.
Unknown command.
You climb upwards.
Your summoned allies are left behind.
There is a stone staircase leading down here.
You start resting.
As you read the scroll labelled VUOGUI MORAU, it crumbles to dust.
You feel strangely unstable.
It was a scroll of teleportation.
As you read the scroll labelled ZUARUO XYRA, it crumbles to dust.
It is a scroll of amnesia.
Really abort (and waste the scroll)?
Okay, then.

#####
#...##############
####.................
#...@................
#......##############
#......# ♣♣♣♣♣♣♣♣♣♣♣
#......# ♣..........
#......###♣..........
#........#♣...#####..
######...#♣.....#....
##..#♣.....#....
##.'..#########


There were no monsters in sight!

Vanquished Creatures
  A hound (D:3)
  Jessica (D:2)
  Natasha (thrice) (D:2)
  3 adders
  A dart slug (D:1)
  3 worms (D:2)
  2 endoplasms
  6 hobgoblins
  5 kobolds
  A quokka (D:2)
  A ball python (D:1)
  8 bats
  2 frilled lizards
  4 goblins
  3 rats
44 creatures vanquished.

Notes
Turn   | Place    | Note
-------+----------+-------------------------------------------
     0 | D:1      | vurker the Felid Air Elementalist began the quest for the
                  | Orb.
     0 | D:1      | Reached XP level 1. HP: 7/7 MP: 4/4
   111 | D:1      | Found Xiwux's General Store.
   119 | D:1      | Reached skill level 1 in Conjurations
   415 | D:1      | Reached XP level 2. HP: 11/12 MP: 0/6
   644 | D:1      | Reached skill level 3 in Air Magic
  1293 | D:2      | Reached skill level 1 in Fighting
  1309 | D:2      | Reached XP level 3. HP: 14/15 MP: 0/7
  1530 | D:2      | Found Eklotinu's Jewellery Shoppe.
  1977 | D:2      | Noticed Jessica
  2022 | D:2      | Killed Jessica
  2023 | D:2      | Reached XP level 4. HP: 19/19 MP: 7/9
  2191 | D:2      | Noticed Natasha
  2203 | D:2      | Killed Natasha
  2574 | D:2      | Noticed Natasha
  2585 | D:2      | Killed from afar by Natasha
  2586 | D:2      | Reached XP level 3. HP: -5/15 MP: 3/8
  2612 | D:2      | Killed Natasha
  2613 | D:2      | Reached XP level 4. HP: 10/19 MP: 2/9
  2975 | D:2      | Found Eklotinu's Jewellery Shoppe.
  3033 | D:2      | Noticed Natasha
  3040 | D:2      | Killed Natasha
  3354 | D:3      | Reached skill level 4 in Air Magic
  3354 | D:3      | Reached XP level 5. HP: 17/22 MP: 2/11
  3480 | D:2      | Quit the game

Illustrated notes

Levels and vault maps discovered:
D:1:      ncdulo_watergridlock, layout_rooms, serial_aquarium,
          aquarium_bridge_straight [aquarium_subvault_bridge,
          aquarium_subvault_window, aquarium_subvault_bridge,
          aquarium_subvault_balcony], aquarium_window_2, aquarium_window_2,
          aquarium_window_fake, aquarium_view_2e, aquarium_view_2b,
          aquarium_balcony_5b, aquarium_pool_S, serial_shops,
          nicolae_diamond_shop, minmay_strange_pillars
D:2:      wad_pebble_path, layout_basic, serial_shops, shop,
          kennysheep_generic_room_16, uniq_jessica, uniq_natasha
D:3:      minmay_recursive_quarters, layout_rooms, basic_ecumenical_altar

Skill      XL: |  1  2  3  4 |
---------------+-------------+-----
Conjurations   | 1 2 |  2.0
Air Magic      | 3 4 |  4.0
Fighting       | 1 |  1.9
Spellcasting   | 3 |  3.4
Dodging        | |  2.6
Stealth        | |  2.6

Action                   |  1- 3 |  4- 6 || total
-------------------------+-------+-------++-------
Melee: Unarmed           |     7 |       ||     7
 Cast: Shock             |    99 |    42 ||   141
  Use: Scroll            |       |     5 ||     5
Armor: Skin              |     2 |       ||     2
Dodge: Dodged            |    16 |     8 ||    24

Table legend: (Time is in decaauts)
 A = Elapsed time spent in this place.
 B = Non-inter-level travel time spent in this place.
 C = Inter-level travel time spent in this place.
 D = Time resting spent in this place.
 E = Time spent auto-exploring this place.
 F = Levels seen in this place.
 G = Mean time per level.
                   A        B        C        D        E       F      G
               +--------+--------+--------+--------+--------+-----+--------+
         Total |   3233 |   3212 |     21 |     97 |   2774 |   3 | 1077.7 |
       Dungeon |   3233 |   3212 |     21 |     97 |   2774 |   3 | 1077.7 |
               +--------+--------+--------+--------+--------+-----+--------+

Top non-repeatable levels by time:
     D:2: 2118 daAuts
     D:1: 937 daAuts
     D:3: 177 daAuts
